 Dungeon Crawl Stone Soup version 0.29-b1-12-g9e2288ab2a (webtiles) character file.

Game seed: 9022496098831861590

959 worthlessgem the Vexing (level 7, 0/34 HPs)
             Began as a Felid Transmuter on Aug 24, 2022.
             Was a Believer of Elyvilon.
             Slain by a kobold brigand
             ... wielding a +0 club
              (1 damage)
             ... on level 6 of the Dungeon.
             The game lasted 00:46:51 (8288 turns).

worthlessgem the Vexing (Felid Transmuter)          Turns: 8288, Time: 00:46:51

Health: 0/34       AC:  7    Str:  8    XL:     7   Next: 92%
Magic:  4/13       EV: 10    Int: 15    God:    Elyvilon [**....]
Gold:   283        SH:  0    Dex: 16    Spells: 0/13 levels left
                                        Lives:  0   Deaths: 2

rFire   x . .      SeeInvis +     - Unarmed
rCold   + + +      Faith    .   (shield unavailable)
rNeg    + . .      Spirit   .   (body armour unavailable)
rPois   +          Reflect  .   (helmet unavailable)
rElec   .          Harm     .   (cloak unavailable)
rCorr   .          Rampage  .   (gloves unavailable)
Will    +....                   (boots unavailable)
Stlth   ++........              (no amulet)
HPRegen 0.11/turn               f - ring of positive energy
MPRegen 0.13/turn               (no ring)

@: ice-form, very slightly contaminated, slowed, very slow
A: freezing attack, amphibious, boosted hp, large, (claws 1), (fangs 3), see
invisible, (speed 1), (shaggy fur 2), (stealthy paws), no weapons or thrown
items, no armour, multi-lived
a: End Transformation, Renounce Religion, Purification, Heal Other


You were on level 6 of the Dungeon.
You worshipped Elyvilon.
Elyvilon was pleased with you.
You were a creature of crystalline ice.
You visited 2 branches of the dungeon, and saw 7 of its levels.

You collected 283 gold pieces.

Inventory:

Jewellery
 b - a ring of fire
 f - a ring of positive energy (left front paw)
Scrolls
 h - a scroll of amnesia {unknown}
 i - a scroll of poison {unknown}
 j - a scroll of noise {unknown}
Potions
 a - a potion of lignification


   Skills:
 + Level 1.8 Fighting
 - Level 2.6 Dodging
 - Level 2.1 Stealth
 - Level 4.5 Unarmed Combat
 - Level 3.6 Spellcasting
 - Level 6.7 Hexes
 + Level 5.4 Transmutations
 - Level 4.1 Ice Magic
 - Level 2.0 Poison Magic
 - Level 2.2 Invocations


You couldn't memorise any spells.
You knew the following spells:

 Your Spells              Type           Power      Damage    Failure   Level
a - Beastly Appendage     Tmut           38%        N/A       1%          1
b - Wereblood             Tmut           19%        N/A       3%          2
c - Spider Form           Tmut/Pois      13%        N/A       12%         3
d - Ice Form              Ice/Tmut       17%        N/A       26%         4
e - Confusing Touch       Hex            22%        N/A       3%          3

Your spell library contained the following spells:

 Spells                   Type           Power      Damage    Failure   Level
 Ensorcelled Hibernation  Hex/Ice        38%        N/A       3%          2
 Yara's Violent Unravell  Hex/Tmut       10%        3d6       41%         5
 Anguish                  Hex/Necr       6%         N/A       43%         4
 Enfeeble                 Hex            11%        N/A       100%        7


Dungeon Overview and Level Annotations

Branches:
Dungeon (6/15)             Temple (1/1) D:5

Altars:
Ashenzari
Elyvilon
Fedhas
Gozag
Hepliaklqana
Makhleb
Nemelex Xobeh
Okawaru
Sif Muna
Trog
Uskayaw
Vehumet
Wu Jian
Xom
Yredelemnul
The Shining One

Shops:
D:1 :

Annotations:
D:5 Pikel


Innate Abilities, Weirdness & Mutations

You are a creature of crystalline ice.
You have a powerful freezing melee attack.
You are amphibious.
Your maximum health is increased.
((You have sharp claws.))
((You have razor-sharp teeth.))
You have supernaturally acute eyesight. (SInv)
((You cover ground quickly. (Speed+)))
((You are covered in thick fur. (AC +2)))
((Your paws help you pounce on unaware monsters.))
You are incapable of wielding weapons or throwing items.
You cannot wear armour.
You gain extra lives every three experience levels.


Message History

You feel uncomfortably cold.
The kobold brigand throws a curare-tipped dart.
The curare-tipped dart hits you.
You are poisoned.
You have difficulty breathing.
You feel yourself slow down.
You feel purified!
The kobold brigand throws a curare-tipped dart.
The curare-tipped dart barely misses you.
Casting: Ice Form (extremely dangerous; 26% risk of failure)
Confirm with . or Enter, or press ? or * to list all spells.
The spell is extremely dangerous to miscast (26% risk of failure)!
Continue anyway?
You turn into a creature of crystalline ice.
The kobold brigand throws a curare-tipped dart.
The curare-tipped dart barely misses you.
The kobold brigand throws a curare-tipped dart.
The curare-tipped dart hits you.
You have difficulty breathing.
You feel yourself slow down.
Okay, then.
The kobold brigand throws a curare-tipped dart.
The curare-tipped dart hits you.
You have difficulty breathing.
* * * LOW HITPOINT WARNING * * *
You feel as though you will be slow longer.
You completely miss the kobold brigand.
The kobold brigand hits you but does no damage.
You hit the kobold brigand. You freeze the kobold brigand.
The kobold brigand is lightly wounded.
The kobold brigand barely misses you.
The kobold brigand hits you with a +0 club.
* * * LOW HITPOINT WARNING * * *
You hit the kobold brigand. You freeze the kobold brigand.
The kobold brigand is moderately wounded.
The kobold brigand misses you.
You punch the kobold brigand! You freeze the kobold brigand.
The kobold brigand is almost dead.
The kobold brigand barely misses you.
You hit the kobold brigand but do no damage.
The kobold brigand is almost dead.
The kobold brigand hits you but does no damage.
The kobold brigand hits you with a +0 club.
You die...

########
#######...YK.#
######.......####'#
#...........## ≈.≈≈
#...........# ..≈..≈#
#......#######≈K#.#.≈#
##......# #..#≈≈.#Y≈≈#
........####.##≈.#
#.≈# ...[.........##≈
≈# [....##.######


You could see a kobold brigand.

Vanquished Creatures
  A wyvern (D:6)
  Eustachio (D:5)
  An orc warrior (D:4)
  A black bear (D:6)
  An ogre (D:6)
  A lemure (D:5)
  3 phantoms (D:5)
  A centaur (D:6)
  A bullfrog (D:6)
  A howler monkey (D:5)
  4 hounds
  2 jellies (D:5)
  2 orc priests
  An iguana (D:4)
  3 orc wizards
  7 adders
  A white imp (D:6)
  A worm (D:2)
  2 dart slugs (D:2)
  16 orcs
  6 endoplasms
  8 goblins
  A hobgoblin (D:2)
  4 jackals (D:2)
  2 kobolds
  2 quokkas (D:2)
  2 ball pythons
  5 bats
  4 frilled lizards
  2 rats
87 creatures vanquished.

Notes
Turn   | Place    | Note
-------+----------+-------------------------------------------
     0 | D:1      | worthlessgem the Felid Transmuter began the quest for the
                  | Orb.
     0 | D:1      | Reached XP level 1. HP: 9/9 MP: 4/4
   183 | D:1      | Found Jisy's Book Shop.
   623 | D:2      | Reached XP level 2. HP: 9/12 MP: 4/6
   637 | D:2      | Learned a level 2 spell: Wereblood
  1155 | D:4      | Noticed a phantom
  1675 | D:4      | Found a white marble altar of Elyvilon.
  1725 | D:4      | Became a worshipper of Elyvilon the Healer
  1836 | D:2      | Reached XP level 3. HP: 13/15 MP: 5/7
  1959 | D:2      | Reached skill level 1 in Poison Magic
  2351 | D:2      | Learned a level 3 spell: Spider Form
  3225 | D:3      | Reached * piety under Elyvilon
  3439 | D:3      | Found a shimmering altar of Xom.
  3609 | D:4      | Reached XP level 4. HP: 4/19 MP: 5/8
  3623 | D:4      | Found a hide-covered altar of Uskayaw.
  3810 | D:4      | Noticed an orc warrior
  3916 | D:5      | Entered Level 5 of the Dungeon
  3937 | D:5      | Reached XP level 5. HP: 17/22 MP: 6/9
  4110 | D:5      | Reached ** piety under Elyvilon
  4164 | D:5      | Noticed Eustachio
  4266 | D:5      | Noticed a phantom
  4370 | D:5      | Killed a phantom
  4371 | D:5      | Gained mutation: You are covered in thick fur. (AC +2)
                  | [Felid growth]
  4371 | D:5      | Reached XP level 6. HP: 25/25 MP: 9/11
  4380 | D:5      | Learned a level 4 spell: Ice Form
  4444 | D:5      | Found a staircase to the Ecumenical Temple.
  4451 | Temple   | Entered the Ecumenical Temple
  4582 | D:5      | Reached skill level 1 in Ice Magic
  5112 | D:4      | Slain by an orc
  5113 | D:4      | Reached XP level 5. HP: 0/22 MP: 6/10
  5575 | D:4      | Reached XP level 6. HP: 25/25 MP: 9/11
  5652 | D:4      | Found a blossoming altar of Fedhas.
  5827 | D:4      | Killed an orc warrior
  6185 | D:5      | Reached skill level 5 in Transmutations
  6698 | D:5      | Reached XP level 7. HP: 20/28 MP: 4/13
  6781 | D:5      | Learned a level 3 spell: Confusing Touch
  6865 | D:5      | Killed by an exploding adder... ignited by their inner
                  | flame
  6865 | D:5      | Killed Eustachio
  6866 | D:5      | Reached XP level 6. HP: -33/25 MP: 12/12
  6866 | D:5      | Reached skill level 4 in Hexes
  6933 | D:5      | Found a basalt altar of Yredelemnul.
  6935 | D:5      | Noticed Pikel
  7419 | D:6      | Noticed a wyvern
  7485 | D:6      | Reached skill level 5 in Hexes
  7485 | D:6      | Reached XP level 7. HP: 23/28 MP: 8/13
  7494 | D:6      | Killed a wyvern
  7495 | D:6      | Reached skill level 6 in Hexes
  7559 | D:6      | Reached skill level 1 in Stealth
  7559 | D:6      | Reached skill level 1 in Invocations
  7927 | D:6      | HP: 1/33 [orc priest/divine providence (16)]
  7930 | D:6      | Elyvilon protects you from harm!
  8285 | D:6      | HP: 1/34 [kobold brigand/+0 club (2)]
  8288 | D:6      | Slain by a kobold brigand

Illustrated notes

Levels and vault maps discovered:
D:1:      moated_graveyard_arrival, layout_basic, serial_shops,
          nicolae_shop_hallway_stairs, chequers_serial_rivers_marsh
D:2:      layout_loops_cross
D:3:      layout_loops_corners, mainiacjoe_overflow_alcove_4
D:4:      layout_basic, lemuel_tele_altar, fedhas_altar_fruit_tree,
          mainiacjoe_overflow_tiny_flanked, minmay_misc_feat_secret_circle,
          guppyfry_early_orc_mine
D:5:      layout_basic, mainiacjoe_overflow_surrounded_room, temple_green,
          uniq_pikel, uniq_eustachio
D:6:      layout_basic, tgw_kikubaaqudgha, serial_shops, shop,
          kennysheep_generic_room_10
Temple:   nicolae_temple_ecumenical_triangle

Skill      XL: |  1  2  3  4  5  6  7 |
---------------+----------------------+-----
Transmutations | 3 4 5 |  5.4
Poison Magic   | 2 |  2.0
Unarmed Combat | 4 |  4.5
Spellcasting   | 3 |  3.6
Ice Magic      | 3 4 |  4.1
Hexes          | 5 6 |  6.7
Stealth        | 2 |  2.1
Invocations    | 2 |  2.2
Fighting       | |  1.8
Dodging        | |  2.6

Action                   |  1- 3 |  4- 6 |  7- 9 || total
-------------------------+-------+-------+-------++-------
Melee: Unarmed           |    95 |   160 |    41 ||   296
       Bite              |    13 |     9 |     1 ||    23
       Headbutt          |    12 |     9 |       ||    21
       Punch             |     2 |     2 |       ||     4
 Cast: Beastly Appendage |    17 |     7 |       ||    24
       Spider Form       |     2 |    15 |     2 ||    19
       Ice Form          |       |     6 |     3 ||     9
       Confusing Touch   |       |     1 |     1 ||     2
       Wereblood         |       |     1 |     1 ||     2
Invok: Heal Other        |       |     2 |       ||     2
       Purification      |       |     3 |     1 ||     4
 Abil: End Transformatio |     1 |     3 |     1 ||     5
  Use: Potion            |     1 |     6 |     3 ||    10
       Scroll            |       |     2 |     4 ||     6
 Stab: Sleeping          |     2 |     2 |       ||     4
Armor: Skin              |     4 |    23 |    14 ||    41
Dodge: Dodged            |   102 |   100 |    50 ||   252
